AoeStats
← molnarvanessza96

Arena

507745981Analyzed
4v4 RM · 11d ago on Sep 19, 2026· 63m 31s· 8 players
Game mode
Random Map
Map size
Large (8 player)
Population
200
Speed
Normal
Resources
Standard
Victory
Conquest
Starting age
Dark Age
Ending age
Imperial Age
RankedLock teamsTeams togetherTeam positionsShared explorationLock speedFull tech treeHidden civsTurbo modeCheats
Victory
Defeat
🇮🇳 Goths · India
882
+13
🇹🇼 Turks · Taiwan
796
+17
🇨🇳 Cumans · China
772
+18
🇨🇳 Italians · China
744
+19
🇭🇺 Bulgarians · Hungary
906
-20
🇭🇺 Cumans · Hungary
800
-16
🇨🇴 Britons · Colombia
786
-16
🇳🇱 Poles · Netherlands
781
-15
Masepulvedah1
0:44 Loom
12:20 Feudal Age
13:07 Horse Collar
13:14 Double-Bit Axe
17:22 Gold Mining
23:38 Castle Age
22:30 Fletching
22:40 Padded Archer Armor
23:03 Padded Archer Armor
24:02 Stone Mining
26:17 Crossbowman
27:29 Leather Archer Armor
27:10 Bodkin Arrow
30:07 Wheelbarrow
31:37 Hand Cart
32:19 Gold Shaft Mining
33:34 Bow Saw
33:28 Heavy Plow
40:31 Imperial Age
38:41 Ballistics
40:42 Arbalester
46:45 Chemistry
45:52 Siege Engineers
45:44 Murder Holes
46:00 Fortified Wall
45:40 Elite Skirmisher
49:06 Heavy Scorpion
molnarvanessza96
2:47 Loom
12:41 Feudal Age
13:32 Horse Collar
14:39 Double-Bit Axe
20:27 Castle Age
18:41 Town Watch
20:21 Fletching
20:31 Padded Archer Armor
24:55 Caravan
24:48 Pikeman
25:29 Squires
26:39 Wheelbarrow
27:45 Hand Cart
27:46 Heavy Plow
29:04 Bow Saw
30:29 Bloodlines
30:33 Forging
30:24 Scale Mail Armor
30:30 Scale Barding Armor
30:37 Town Patrol
34:55 Imperial Age
33:11 Fletching
33:22 Padded Archer Armor
33:52 Gold Mining
33:56 Stone Mining
35:52 Gold Shaft Mining
35:20 Bodkin Arrow
35:41 Leather Archer Armor
36:02 Iron Casting
35:43 Chain Mail Armor
35:49 Chain Barding Armor
36:30 Pikeman
37:14 Squires
38:03 Cavalier
39:37 Ring Archer Armor
40:08 Blast Furnace
39:38 Plate Mail Armor
40:23 Chemistry
39:35 Masonry
39:21 Murder Holes
42:26 Plate Barding Armor
42:16 Halberdier
44:31 Ballistics
44:07 Paladin
TheRamblingWorld
0:32 Loom
11:15 Feudal Age
13:43 Forging
14:44 Arson
21:03 Double-Bit Axe
20:59 Horse Collar
21:18 Fletching
24:33 Gold Mining
26:08 Wheelbarrow
25:19 Town Watch
30:05 Castle Age
28:07 Scale Mail Armor
28:01 Stone Mining
32:16 Iron Casting
31:56 Chain Mail Armor
32:08 Bow Saw
32:02 Heavy Plow
32:35 Squires
32:22 Gambesons
34:38 Scale Barding Armor
36:31 Hand Cart
37:36 Chain Barding Armor
37:49 Bloodlines
37:40 Husbandry
38:31 Gold Shaft Mining
38:31 Stone Shaft Mining
39:31 Stone Shaft Mining
42:47 Town Patrol
43:51 Masonry
46:24 Imperial Age
43:53 Stirrups
44:33 Murder Holes
45:26 Bodkin Arrow
46:59 Caravan
48:00 Conscription
47:05 Light Cavalry
48:50 Plate Barding Armor
49:16 Blast Furnace
48:49 Crop Rotation
49:32 Pikeman
50:14 Hussar
51:12 Elite Konnik
55:22 Halberdier
56:01 Capped Ram
57:08 Bagains
58:09 Siege Ram
61:06 Architecture
60:43 Siege Engineers
60:59 Ballistics
Crassus
10:27 Feudal Age
11:15 Double-Bit Axe
12:58 Horse Collar
15:16 Wheelbarrow
18:21 Castle Age
19:40 Hand Cart
23:53 Stone Mining
23:55 Gold Mining
24:08 Heavy Plow
24:20 Bow Saw
25:15 Loom
25:15 Town Watch
26:19 Forging
26:15 Scale Barding Armor
28:22 Bloodlines
28:34 Town Patrol
29:49 Iron Casting
29:34 Chain Barding Armor
29:17 Husbandry
30:47 Szlachta Privileges
30:25 Light Cavalry
33:55 Imperial Age
33:19 Guard Tower
33:28 Murder Holes
33:15 Treadmill Crane
34:19 Cavalier
36:11 Caravan
36:52 Crop Rotation
37:00 Stone Shaft Mining
38:17 Chemistry
37:03 Arrowslits
37:47 Conscription
39:51 Sappers
42:29 Blast Furnace
41:53 Bombard Tower
41:54 Ballistics
63:27 Fletching
63:37 Padded Archer Armor
63:38 Scale Mail Armor
NDS
10:25 Feudal Age
18:39 Castle Age
16:46 Double-Bit Axe
17:45 Horse Collar
23:16 Heavy Plow
24:01 Loom
24:52 Wheelbarrow
24:03 Town Watch
25:41 Bow Saw
29:37 Imperial Age
28:22 Squires
28:09 Arson
28:48 Hand Cart
29:49 Town Patrol
30:31 Murder Holes
31:28 Caravan
32:49 Forging
32:40 Scale Mail Armor
32:30 Fletching
32:41 Padded Archer Armor
33:01 Arrowslits
33:37 Bombard Tower
33:28 Masonry
32:59 Treadmill Crane
35:55 Ballistics
35:46 Fortified Wall
36:07 Architecture
36:15 Iron Casting
35:56 Chain Mail Armor
35:37 Bodkin Arrow
35:26 Man-at-Arms
37:41 Two-Man Saw
36:38 Long Swordsman
38:25 Blast Furnace
37:39 Two-Handed Swordsman
39:09 Champion
41:14 Conscription
44:21 Artillery
44:57 Hoardings
45:16 Bracer
45:47 Plate Mail Armor
45:32 Leather Archer Armor
46:23 Husbandry
46:34 Bloodlines
45:44 Cavalier
55:34 Ring Archer Armor
Tamerlane
10:09 Feudal Age
10:49 Double-Bit Axe
10:45 Horse Collar
14:06 Loom
20:33 Wheelbarrow
23:16 Castle Age
21:48 Gold Mining
21:48 Stone Mining
24:41 Coinage
25:08 Bow Saw
25:48 Fletching
27:19 Heavy Plow
28:56 Town Watch
33:32 Imperial Age
31:20 Bodkin Arrow
31:26 Padded Archer Armor
31:32 Padded Archer Armor
32:00 Ballistics
32:41 Thumb Ring
33:36 Leather Archer Armor
34:15 Bracer
35:16 Chemistry
36:40 Ring Archer Armor
37:29 Elite Genoese Crossbowman
39:39 Forging
40:35 Two-Man Saw
42:05 Iron Casting
41:36 Scale Barding Armor
43:55 Guilds
45:40 Light Cavalry
46:30 Bloodlines
46:21 Husbandry
47:20 Chain Barding Armor
47:00 Hussar
49:12 Plate Barding Armor
53:40 Blast Furnace
55:35 Crop Rotation
55:56 Banking
56:15 Squires
56:00 Arson
56:18 Scale Mail Armor
57:55 Conscription
60:29 Chain Mail Armor
小闪酱
0:44 Loom
11:39 Feudal Age
12:04 Horse Collar
12:11 Double-Bit Axe
22:13 Castle Age
21:41 Gold Mining
21:42 Stone Mining
28:16 Heavy Plow
28:27 Bow Saw
28:56 Gold Shaft Mining
32:15 Imperial Age
29:57 Steppe Husbandry
31:18 Ballistics
32:22 Bloodlines
32:41 Elite Steppe Lancer
35:13 Caravan
38:27 Forging
38:22 Scale Barding Armor
39:51 Chemistry
41:32 Iron Casting
41:17 Chain Barding Armor
46:37 Blast Furnace
46:12 Plate Barding Armor
56:15 Two-Man Saw
56:39 Crop Rotation
玛尔斯
7:24 Loom
11:04 Feudal Age
11:24 Man-at-Arms
14:13 Forging
14:51 Gold Mining
20:07 Castle Age
20:41 Scale Mail Armor
20:17 Long Swordsman
22:37 Horse Collar
22:46 Double-Bit Axe
24:47 Stone Mining
26:09 Iron Casting
26:45 Bow Saw
27:27 Squires
31:04 Imperial Age
33:55 Pikeman
35:53 Elite Huskarl
37:34 Heavy Plow
42:14 Halberdier
44:00 Blast Furnace
48:47 Conscription
51:37 Chain Mail Armor
Connection lost

Rejoining the realm…

Still unreachable

The connection could not be restored.

Session expired

The server has moved on; the page needs a fresh start.